 Dungeon Crawl Stone Soup version 0.31-a0-1611-g890cdf5628 (webtiles) character file.

Game seed: 8028724452410493170

162 Newt the Poker (level 5, -1/42 HPs)
             Began as a Merfolk Gladiator on Jan 8, 2024.
             Slain by a gnoll
             ... wielding a +3 flail of holy wrath
             ... led by a gnoll bouda
              (9 damage)
             ... on level 3 of the Dungeon.
             The game lasted 00:02:22 (2293 turns).

Newt the Poker (Merfolk Gladiator)                  Turns: 2293, Time: 00:02:23

Health: -1/42      AC:  6    Str: 16    XL:     5   Next: 43%
Magic:  5/5        EV: 13    Int:  7    God:
Gold:   115        SH:  0    Dex: 16    Spells: 4/4 levels left

rFire   . . .        a - +1 trident (heavy)
rCold   . . .        (no shield)
rNeg    . . .        b - +0 leather armour
rPois   .            c - +0 helmet
rElec   .            (no cloak)
rCorr   .            p - +1 pair of gloves
SInv    +            (no boots)
Will    .....        (no amulet)
Stlth   +            h - ring of see invisible
HPRegen 0.27/turn    (no ring)
MPRegen 0.09/turn

%: no passive effects
@: studying Fighting
A: (nimble swimmer 2), mertail
a: no special abilities


You were on level 3 of the Dungeon.
You visited 1 branch of the dungeon, and saw 3 of its levels.

You collected 115 gold pieces.

Inventory:

Hand Weapons
 a - a +1 heavy trident (weapon)
Missiles
 d - 3 throwing nets (quivered)
 e - a javelin
Armour
 b - a +0 leather armour (worn)
 c - a +0 helmet (worn)
 p - a +1 pair of gloves (worn)
Jewellery
 h - a ring of see invisible (left hand)
Talismans
 m - a beast talisman
Scrolls
 g - a scroll of identify
 n - a scroll of brand weapon
Potions
 f - a potion of magic {unknown}
 i - a potion of enlightenment
 j - a potion of might {unknown}
 k - a potion of ambrosia {unknown}
 l - a potion of curing {unknown}
 o - a potion of haste {unknown}


   Skills:
 - Level 4.0 Fighting
 - Level 6.0 Polearms
 - Level 2.0 Throwing
 - Level 4.0 Dodging
 + Level 2.4 Shapeshifting


You had 4 spell levels left.
You didn't know any spells.
Your spell library contained the following spells:

 Spells                   Type           Power      Damage    Failure   Level
 Apportation              Tloc           0%         N/A       50%         1
 Magic Dart               Conj           0%         1d3       50%         1
 Jinxbite                 Hex            0%         N/A       65%         2
 Searing Ray              Conj           0%         2d4       65%         2
 Ozocubu's Armour         Ice            0%         N/A       86%         3
 Fulminant Prism          Conj/Alch      0%         3d5       99%         4
 Alistair's Intoxication  Alch           0%         N/A       100%        5
 Metabolic Englaciation   Hex/Ice        0%         N/A       100%        5
 Sculpt Simulacrum        Ice/Alch       0%         N/A       100%        6


Dungeon Overview and Level Annotations

Branches:
Dungeon (3/15)

Altars:
Xom

Shops:
D:3 :

Annotations:
D:3 1 runed translucent door, xnavy's ghost, amateur DsCA


Innate Abilities, Weirdness & Mutations

((You are very nimble when in or above water. (Stealth+, EV+, Speed+++)))
Your lower body shifts to a powerful aquatic tail in water.


Message History

The gnoll hits you from afar with a +0 spear.
The gnoll bouda barely misses you. The gnoll attacks as it pursues you!
The gnoll barely misses you.
The gnoll bouda attacks as it pursues you!
The gnoll bouda hits you with a +0 whip!
The gnoll attacks as it pursues you! The gnoll misses you.
You hit the gnoll bouda.
The gnoll bouda is moderately wounded.
The gnoll misses you.
You puncture the gnoll bouda!
The gnoll bouda is severely wounded.
The gnoll barely misses you. The gnoll bouda closely misses you.
The gnoll barely misses you. The gnoll closely misses you.
The gnoll bouda hits you with a +0 whip.
You barely miss the gnoll bouda.
The gnoll bouda is severely wounded.
The gnoll hits you from afar with a +0 spear.
The gnoll hits you but does no damage. The gnoll bouda barely misses you.
The gnoll hits you but does no damage.
You completely miss the gnoll bouda.
The gnoll bouda is severely wounded.
Your attacks no longer feel as feeble.
The gnoll closely misses you.
The gnoll bouda hits you but does no damage.
The gnoll hits you from afar with a +0 spear.
* * * LOW HITPOINT WARNING * * *
The gnoll misses you. The gnoll bouda misses you.
You completely miss the gnoll bouda.
The gnoll bouda is severely wounded.
The gnoll barely misses you. The gnoll hits you but does no damage.
The gnoll bouda misses you. The gnoll hits you but does no damage.
Unknown command.
You puncture the gnoll bouda!
You kill the gnoll bouda!
The gnoll is no longer moving quickly.
The gnoll hits you from afar with a +0 spear.
* * * LOW HITPOINT WARNING * * *
The gnoll closely misses you.
The gnoll hits you with a +3 flail of holy wrath!
You die... ###### #.##)# #....# ###### #.#..# ......# #.#.### P.PPP..

#......
.......##############.###
.....P.#..8.∩.<.8.# #.#
..P.PP.#@#####....# #.#
.P...g.#g#####...## #.#
....Pg.ggg..##...## #.###
PPPPP.......##....# #....
............##....#####.#
...###......'............
.. #......###########.# #
#......# #.#
.#......##### #.#


You could see 4 gnolls.

Vanquished Creatures
  A gnoll bouda (D:3)
  Jessica (D:2)
  Terence (D:2)
  Natasha (D:1)
  A gnoll (D:1)
  2 adders (D:2)
  2 dart slugs
  2 ribbon worms (D:2)
  9 endoplasms
  3 giant cockroaches
  4 goblins
  7 hobgoblins
  2 quokkas
  6 ball pythons
  3 bats
  2 frilled lizards (D:1)
  A kobold (D:2)
  3 rats
51 creatures vanquished.

Notes
Turn   | Place    | Note
-------+----------+-------------------------------------------
     0 | D:1      | Newt the Merfolk Gladiator began the quest for the Orb.
     0 | D:1      | Reached XP level 1. HP: 16/16 MP: 1/1
   119 | D:1      | Reached XP level 2. HP: 21/23 MP: 2/2
   304 | D:1      | Reached XP level 3. HP: 30/30 MP: 3/3
   913 | D:2      | Noticed Natasha
   928 | D:1      | Killed Natasha
  1100 | D:2      | Noticed Terence
  1102 | D:2      | Identified a scroll of acquirement
  1102 | D:2      | Acquired a manual of Fighting
  1113 | D:2      | Killed Terence
  1114 | D:2      | Reached skill level 5 in Polearms
  1114 | D:2      | Reached XP level 4. HP: 22/37 MP: 4/4
  1200 | D:2      | Identified the +0 dagger "Beastbane" {chaos, ^Drain rElec
                  | rN+ Int+4}
  1464 | D:2      | Reached skill level 6 in Polearms
  1464 | D:2      | Reached XP level 5. HP: 42/42 MP: 5/5
  1605 | D:2      | Noticed Jessica
  1620 | D:2      | Killed Jessica
  1969 | D:3      | Found a shimmering altar of Xom.
  2028 | D:3      | Noticed xnavy's ghost (amateur DsCA)
  2034 | D:3      | Found a runed translucent door.
  2220 | D:3      | Found Luptol's Book Boutique.
  2293 | D:3      | Slain by a gnoll

Illustrated notes

Levels and vault maps discovered:
D:1:      nicolae_arrival_somewhat_less_tricky_arrival, layout_basic,
          serial_forest, infiniplex_forest_end_2,
          infiniplex_forest_lined_room_2, infiniplex_forest_straight_2,
          infiniplex_forest_corner_2, infiniplex_forest_clump_diagonal,
          infiniplex_forest_fountain, infiniplex_forest_end_1,
          infiniplex_forest_clump_double, infiniplex_forest_pool
D:2:      layout_loops_cross, minmay_hexomino_r4, uniq_jessica, uniq_terence,
          uniq_natasha
D:3:      layout_basic, mainiacjoe_overflow_paths, lemuel_doored_altar,
          nicolae_overflow_ecumenical_swirl, mainiacjoe_overflow_alcove_1,
          hellmonk_ghost_happy_afterlife, serial_rivers,
          chequers_serial_rivers_small_a, chequers_serial_rivers_micro_a,
          chequers_serial_rivers_small_3, chequers_serial_rivers_large_b,
          chequers_serial_rivers_room_b, serial_shops,
          nicolae_shop_advertising_works [nicolae_subvault_shop_adworks],
          shop_statue, nicolae_shop_scrapyard, nicolae_grassy_gnolls

Skill      XL: |  1  2  3  4  5 |
---------------+----------------+-----
Fighting       | 3 4 |  4.0
Polearms       | 5 6 |  6.0
Shapeshifting  | 2 |  2.4
Throwing       | |  2.0
Dodging        | |  4.0

Action                     |  1- 3 |  4- 6 || total
---------------------------+-------+-------++-------
  Melee: Trident           |    58 |    69 ||   127
         Punch             |       |     2 ||     2
    Use: Scroll            |     3 |     5 ||     8
   Stab: Sleeping          |     1 |     4 ||     5
         Distracted        |       |     1 ||     1
 Armour: Leather armour    |    27 |    41 ||    68
  Dodge: Dodged            |    32 |    48 ||    80

Table legend: (Time is in decaauts)
 A = Elapsed time spent in this place.
 B = Non-inter-level travel time spent in this place.
 C = Inter-level travel time spent in this place.
 D = Time resting spent in this place.
 E = Time spent auto-exploring this place.
 F = Levels seen in this place.
 G = Mean time per level.
                   A        B        C        D        E       F      G
               +--------+--------+--------+--------+--------+-----+--------+
         Total |   2326 |   2226 |    100 |    205 |   1651 |   3 |  775.3 |
       Dungeon |   2326 |   2226 |    100 |    205 |   1651 |   3 |  775.3 |
               +--------+--------+--------+--------+--------+-----+--------+

Top non-repeatable levels by time:
     D:1: 1091 daAuts
     D:2: 817 daAuts
     D:3: 416 daAuts
